 Dungeon Crawl Stone Soup version 0.29-a0-474-gdfe5cd140f (webtiles) character file.

Game seed: 8299809670648500787

60 Infinimo the Cudgeller (level 3, -1/28 HPs)
             Began as a Demonspawn Gladiator on May 24, 2022.
             Slain by a ball python (2 damage)
             ... on level 2 of the Dungeon.
             The game lasted 00:01:38 (1494 turns).

Infinimo the Cudgeller (Demonspawn Gladiator)       Turns: 1494, Time: 00:01:38

Health: -1/28      AC:  4    Str: 14    XL:     3   Next: 80%
Magic:  3/3        EV:  9    Int: 11    God:
Gold:   62         SH:  4    Dex: 14    Spells: 2/2 levels left

rFire   . . .      SeeInvis .   a - +0 flail
rCold   . . .      Faith    .   (no shield)
rNeg    . . .      Spirit   .   b - +0 leather armour
rPois   .          Reflect  .   c - +0 helmet
rElec   .          Harm     .   (no cloak)
rCorr   .          Rampage  .   (no gloves)
Will    .....                   (no boots)
Stlth   +.........              (no amulet)
HPRegen 0.09/turn               (no ring)
MPRegen 0.16/turn               (no ring)

@: lethally poisoned (-1 -> -5), constricted
A: large bone plates 1, magic regeneration
a: no special abilities


You were on level 2 of the Dungeon.
You visited 1 branch of the dungeon, and saw 2 of its levels.

You collected 62 gold pieces.

Inventory:

Hand Weapons
 a - a +0 flail (weapon)
Missiles
 d - 3 throwing nets (quivered)
 e - a javelin
Armour
 b - a +0 leather armour (worn)
 c - a +0 helmet (worn)
Jewellery
 f - an amulet of faith
 k - a +6 ring of strength
Scrolls
 h - a scroll of magic mapping {unknown}
 i - a scroll of fog {unknown}
 j - a scroll of noise {unknown}
 m - a scroll of identify {unknown}
 p - a scroll of vulnerability {unknown}
 r - a scroll of fear {unknown}
 s - a scroll of silence {unknown}
Potions
 g - a potion of might
 l - a potion of berserk rage {unknown}
 n - a potion of ambrosia {unknown}
 o - a potion of cancellation
 q - a potion of flight {unknown}


   Skills:
 + Level 2.6 Fighting
 * Level 3.6 Maces & Flails
 - Level 1.7 Throwing
 + Level 3.1 Dodging


You had 2 spell levels left.
You didn't know any spells.
Your spell library was empty.

Dungeon Overview and Level Annotations

Branches:
Dungeon (2/15)

Altars:


Innate Abilities, Weirdness & Mutations

You are partially covered in large bone plates. (SH +4)
You regenerate magic rapidly.


Message History

The adder poisons you! The ball python grabs you.
The ball python constricts you.
You escape the ball python's grasp.
You feel sick.
The adder is almost dead.
You feel sick.
The adder is almost dead.
You feel sick.
You are no longer poisoned.
The ball python grabs you. The ball python constricts you.
The ball python bites you. The ball python constricts you.
The ball python bites you. The ball python constricts you.
You are too injured to fight recklessly!
The adder is almost dead.
The ball python bites you. The ball python constricts you.
The adder is almost dead.
The ball python constricts you. The adder bites you.
The adder is almost dead.
The adder bites you.
You are poisoned.
The adder poisons you! You block the ball python's attack.
The ball python constricts you.
* * * LOW HITPOINT WARNING * * *
The adder bites you.
* * * LOW HITPOINT WARNING * * *
The ball python constricts you.
It was a potion of might.
You feel very mighty all of a sudden.
* * * LOW HITPOINT WARNING * * *
You feel sick. The adder bites you.
* * * LOW HITPOINT WARNING * * *
The ball python bites you.
* * * LOW HITPOINT WARNING * * *
The ball python constricts you.
It was a potion of cancellation.
Your magical effects are unravelling.
You feel magically purged.
You feel a little less mighty now.
* * * LOW HITPOINT WARNING * * *
You feel sick. The ball python bites you.
You die...

...##...####.............≈####≈..
.######## #########.####≈≈8.#.≈.
..# ###..#.# #.#≈≈≈≈## ..#
###.#....# #≈##≈≈≈≈# ..#
###.#..#.### #≈.#..... ###
###.#..#.#'# #..≈.≈≈.≈ .#
###.#..#.###.# #..#_..≈. .#
#.#..#.###S..# #≈≈≈≈≈.≈.
.##+#.#..#.###gS@### #≈.#....≈
.##......###...### #.##.≈≈≈#
.###.#..#.##..# #.#..##≈#
..###.#..#.##. #.#8≈#.≈. ..#
##.#..#.## #≈####... #.#
##.#..#.## #.≈≈....# #.#
##.#..#.## #.......# #.#
##.#..#.## ######### #.#
##.#.†#.##


You could see an adder, a goblin and a ball python.

Vanquished Creatures
  2 adders (D:2)
  A dart slug (D:1)
  5 endoplasms (D:1)
  2 goblins
  3 hobgoblins
  4 jackals (D:1)
  3 quokkas
  6 ball pythons (D:1)
  2 bats (D:1)
  2 frilled lizards (D:1)
  3 kobolds
  4 rats
  A spectral hobgoblin (D:2)
38 creatures vanquished.

Notes
Turn   | Place    | Note
-------+----------+-------------------------------------------
     0 | D:1      | Infinimo the Demonspawn Gladiator began the quest for the
                  | Orb.
     0 | D:1      | Reached XP level 1. HP: 16/16 MP: 1/1
   107 | D:1      | Gained mutation: You regenerate magic rapidly. [demonic
                  | ancestry]
   107 | D:1      | Reached XP level 2. HP: 19/22 MP: 2/2
   678 | D:1      | Gained mutation: You are partially covered in large bone
                  | plates. (SH +4) [demonic ancestry]
   678 | D:1      | Reached XP level 3. HP: 27/28 MP: 3/3
  1336 | D:2      | Found a faded altar of an unknown god.
  1494 | D:2      | HP: 1/28 [poisoned by an adder]
  1494 | D:2      | Slain by a ball python

Illustrated notes

Levels and vault maps discovered:
D:1:      amcnicky_arrival_single_pillar, layout_basic, minmay_misc_feat_chi,
          st_stairs_6, item_on_display_a
D:2:      minmay_razor_zed, layout_basic,
          dreamdust_ecumenical_altar_drowned_temple, roderic_lattice_a,
          uniq_jessica

Skill      XL: |  1  2 |
---------------+-------+-----
Maces & Flails | 3 |  3.6
Dodging        | 3 |  3.1
Fighting       | |  2.6
Throwing       | |  1.7

Action                   || total
-------------------------++-------
Melee: Flail             ||   113
       Punch             ||     3
  Use: Potion            ||     2
 Stab: Sleeping          ||     1
Armor: Leather armour    ||    31
Dodge: Dodged            ||    81
Block: Other             ||     8

Table legend: (Time is in decaauts)
 A = Elapsed time spent in this place.
 B = Non-inter-level travel time spent in this place.
 C = Inter-level travel time spent in this place.
 D = Time resting spent in this place.
 E = Time spent auto-exploring this place.
 F = Levels seen in this place.
 G = Mean time per level.
                   A        B        C        D        E       F      G
               +--------+--------+--------+--------+--------+-----+--------+
         Total |   1527 |   1508 |     19 |      0 |   1281 |   2 |  763.5 |
       Dungeon |   1527 |   1508 |     19 |      0 |   1281 |   2 |  763.5 |
               +--------+--------+--------+--------+--------+-----+--------+

Top non-repeatable levels by time:
     D:1: 878 daAuts
     D:2: 649 daAuts
